 Dungeon Crawl Stone Soup version 0.20-a0-315-g8346a86 (webtiles) character file.

3553 Duffy the Thaumaturge (level 9, -2/45 HPs)
             Began as a Spriggan Earth Elementalist on Dec 20, 2016.
             Was a Believer of Vehumet.
             Slain by a warg (17 damage)
             ... on level 9 of the Dungeon.
             The game lasted 00:11:41 (10539 turns).

Duffy the Thaumaturge (SpEE)                       Turns: 10539, Time: 00:11:42

Health: -2/45      AC:  5    Str:  4    XL:     9   Next: 83%
Magic:  6/24       EV: 20    Int: 19    God:    Vehumet [**....]
Gold:   488        SH:  3    Dex: 21    Spells: 17/28 levels left

rFire  . . .     SeeInvis +     F - +5 war axe "Rizatep" {chop, rC+ SInv}
rCold  + . .     Gourm    .     c - +0 robe
rNeg   . . .     Faith    .     (shield restricted)
rPois  .         Spirit   .     (helmet restricted)
rElec  .         Reflect  +     C - +2 cloak
rCorr  .         Harm     .     (gloves unavailable)
MR     +....                    (boots unavailable)
Stlth  +++.......               j - +3 amulet of reflection
                                (no ring)
                                A - +4 ring of dexterity

@: very quick
A: unfitting armour, see invisible, herbivore 3, speed 3, slow metabolism 2
a: Renounce Religion


You were on level 9 of the Dungeon.
You worshipped Vehumet.
Vehumet was pleased with you.
You were full.

You visited 1 branch of the dungeon, and saw 9 of its levels.

You collected 488 gold pieces.

Inventory:

Hand Weapons
 a - a +4 quarterstaff of chaos
 o - a +0 short sword
 F - the +5 war axe "Rizatep" (weapon) {chop, rC+ SInv}
   (You found it on level 8 of the Dungeon)

   It inflicts extra damage upon your enemies.
   It protects you from cold.
   It lets you see invisible.
Missiles
 b - 189 stones (quivered)
Armour
 c - a +0 robe (worn)
 C - a +2 cloak (worn)
Jewellery
 j - a +3 amulet of reflection (around neck)
 A - a +4 ring of dexterity (left hand)
 G - an uncursed ring of protection from fire {unknown}
Wands
 p - a wand of random effects (23/48)
 D - a wand of confusion (31/48)
Scrolls
 f - 3 scrolls of enchant armour {unknown}
 i - 5 scrolls of identify {unknown}
 l - 5 scrolls of remove curse {unknown}
 m - 2 scrolls of teleportation {unknown}
 q - a scroll of random uselessness {unknown}
 r - 4 scrolls of magic mapping {unknown}
 s - a scroll of enchant weapon {unknown}
 w - a scroll of amnesia {unknown}
 y - 3 scrolls of fear {unknown}
 z - a scroll of vulnerability {unknown}
 B - 3 scrolls of fog {unknown}
Potions
 g - 2 potions of brilliance {unknown}
 h - 2 potions of mutation {unknown}
 k - a potion of degeneration {unknown}
 t - a potion of cancellation {unknown}
 u - 3 potions of heal wounds {unknown}
 v - a potion of agility {unknown}
 x - a potion of lignification {unknown}
Books
 e - a book of Geomancy

   Spells                             Type                      Level
   a - Sandblast                      Earth                        1
   b - Passwall                       Transmutation/Earth          2
   c - Stone Arrow                    Conjuration/Earth            3
   d - Petrify                        Transmutation/Earth          4
   e - Lee's Rapid Deconstruction     Earth                        5
Comestibles
 d - 3 bread rations
 n - 2 slices of pizza
 E - a royal jelly


   Skills:
 - Level 4.0 Fighting
 - Level 4.4 Dodging
 - Level 3.0 Stealth
 - Level 10.0 Spellcasting
 + Level 3.5 Conjurations
 - Level 3.5 Transmutations
 + Level 8.2 Earth Magic


You had 17 spell levels left.
You knew the following spells:

 Your Spells              Type           Power        Failure   Level  Hunger
a - Sandblast             Erth           #####.       1%          1    None
k - Lee's Rapid Deconstr  Erth           #####.....   10%         5    #####..
l - Stone Arrow           Conj/Erth      ####..       1%          3    None
p - Passwall              Tmut/Erth      ####......   1%          2    None


Dungeon Overview and Level Annotations

Branches:
Dungeon (9/15)             Temple (0/1) D:5            Lair (0/6) D:9
    Orc: D:9-12

Altars:
Cheibriados
Dithmenos
Kikubaaqudgha
Nemelex Xobeh
Trog
Uskayaw
Vehumet
The Shining One


Innate Abilities, Weirdness & Mutations

You are very small and have problems with some larger weapons.
You are too small for most types of armour.
You have supernaturally acute eyesight. (SInv)
You are a herbivore.
You cover ground extremely quickly.
You need consume almost no food.


Message History

Press: ? - help, Shift-Dir - straight line, f/p - warg
Aim: a warg (moderately wounded)
The stone arrow hits the warg.
The warg is heavily wounded.
The warg bites you! x2
Cast which spell? (? or * to list)
Aiming: Stone Arrow
Press: ? - help, Shift-Dir - straight line, f/p - warg
Aim: a warg (heavily wounded)
The stone arrow misses the warg.
The warg stops to sniff the ground.
The warg bites you!
Cast which spell? (? or * to list)
Aiming: Stone Arrow
Press: ? - help, Shift-Dir - straight line, f/p - warg
Aim: a warg (heavily wounded)
The stone arrow hits the warg.
The warg is almost dead.
The warg bites you!
You die...

+.........h#...o.o.
#.....(....##...o..
########'### ...o..
####h# ..o.. #....#
.o... ######)######
o... #....))......#
#[.. #...h.........
#..)@........#
##..).........#
#<.<..........#
....................#
......#####.#########
###### #... #####


You could see a warg.

Vanquished Creatures
  A hornet (D:7)
  A hungry ghost (D:7)
  Menkaure (D:4)
  A warg (D:9)
  Edmund (D:5)
  An orc warrior (D:6)
  3 sky beasts
  2 phantoms
  3 black bears
  2 ogres
  A centaur (D:5)
  2 bullfrogs
  A scorpion (D:8)
  8 killer bees
  4 howler monkeys
  2 crimson imps (D:5)
  A hound (D:7)
  3 jellies
  A bullfrog skeleton (D:5)
  A bullfrog zombie (D:6)
  6 orc priests
  Crazy Yiuf (D:2)
  7 orc wizards
  An iron imp (D:6)
  Natasha (D:4)
  An iguana (D:3)
  6 worker ants
  A worker ant zombie (D:8)
  Robin (D:3)
  A gnoll (D:3)
  10 adders
  3 oozes
  3 worms
  2 dart slugs
  7 leopard geckos
  29 orcs
  10 bats
  4 giant cockroaches
  8 goblins
  13 hobgoblins
  9 jackals
  4 quokkas
  3 ball pythons
  3 frilled lizards
  9 kobolds
  4 rats
187 creatures vanquished.

Vanquished Creatures (others)
  5 toadstools (D:1)
5 creatures vanquished.

Grand Total: 192 creatures vanquished

Notes
Turn   | Place    | Note
-------+----------+-------------------------------------------
     0 | D:1      | Duffy the Spriggan Earth Elementalist began the quest for the Orb.
     0 | D:1      | Reached XP level 1. HP: 9/9 MP: 5/5
   197 | D:1      | Reached skill level 3 in Spellcasting
   197 | D:1      | Reached skill level 3 in Earth Magic
   197 | D:1      | Reached XP level 2. HP: 5/13 MP: 2/7
  1409 | D:2      | Reached XP level 3. HP: 9/16 MP: 2/9
  1866 | D:2      | Reached skill level 4 in Spellcasting
  1964 | D:2      | Reached XP level 4. HP: 12/21 MP: 7/11
  2219 | D:2      | Found a runed door.
  2728 | D:2      | Noticed Crazy Yiuf
  2740 | D:2      | Killed Crazy Yiuf
  2740 | D:2      | Reached skill level 4 in Earth Magic
  2827 | D:3      | Reached XP level 5. HP: 17/24 MP: 13/13
  3052 | D:3      | Reached skill level 5 in Spellcasting
  4038 | D:4      | Noticed a phantom
  4049 | D:4      | Killed a phantom
  4049 | D:4      | Reached skill level 1 in Fighting
  4049 | D:4      | Reached skill level 4 in Dodging
  4049 | D:4      | Reached XP level 6. HP: 30/30 MP: 8/14
  4202 | D:4      | Noticed Menkaure
  4259 | D:4      | Killed Menkaure
  4259 | D:4      | Reached skill level 2 in Fighting
  4511 | D:4      | Reached skill level 3 in Fighting
  4673 | D:4      | Noticed Natasha
  4681 | D:4      | Killed Natasha
  4710 | D:4      | Reached XP level 7. HP: 36/36 MP: 15/15
  4755 | D:4      | Noticed Robin
  4802 | D:3      | Killed Robin
  5007 | D:4      | Found a radiant altar of Vehumet.
  5018 | D:4      | Became a worshipper of Vehumet
  5098 | D:5      | Entered Level 5 of the Dungeon
  5166 | D:5      | Reached skill level 4 in Fighting
  5425 | D:5      | Found a staircase to the Ecumenical Temple.
  5449 | D:5      | Reached skill level 6 in Spellcasting
  5449 | D:5      | Reached skill level 5 in Earth Magic
  5494 | D:5      | Found an ancient bone altar of Kikubaaqudgha.
  5617 | D:5      | Noticed Edmund
  5982 | D:5      | Reached XP level 8. HP: 37/42 MP: 18/18
  6124 | D:5      | Killed Edmund
  6124 | D:5      | Reached skill level 7 in Spellcasting
  6260 | D:5      | Learned a level 3 spell: Stone Arrow
  6266 | D:5      | Learned a level 5 spell: Lee's Rapid Deconstruction
  6269 | D:5      | Learned a level 2 spell: Passwall
  6480 | D:5      | Reached * piety under Vehumet
  6480 | D:5      | Offered knowledge of Freeze by Vehumet.
  6512 | D:5      | Reached skill level 6 in Earth Magic
  6790 | D:6      | Reached skill level 8 in Spellcasting
  7198 | D:6      | Reached skill level 7 in Earth Magic
  7441 | D:6      | Found a snail-covered altar of Cheibriados.
  7447 | D:6      | Reached skill level 9 in Spellcasting
  7655 | D:6      | Reached XP level 9. HP: 45/45 MP: 14/23
  8568 | D:7      | Found a bloodstained altar of Trog.
  8583 | D:7      | Reached skill level 10 in Spellcasting
  8583 | D:7      | Reached skill level 8 in Earth Magic
  8737 | D:7      | Reached skill level 2 in Transmutations
  8777 | D:7      | Reached skill level 1 in Conjurations
  8968 | D:7      | Reached skill level 3 in Transmutations
  9441 | D:8      | Reached skill level 2 in Conjurations
  9494 | D:8      | Reached ** piety under Vehumet
  9614 | D:8      | Found a glowing golden altar of the Shining One.
  9650 | D:8      | Found a hide-covered altar of Uskayaw.
  9662 | D:8      | Got an ebony war axe
  9663 | D:8      | Identified the +5 war axe "Rizatep" {chop, rC+ SInv} (You found it on level 8 of the Dungeon)
  9731 | D:8      | Offered knowledge of Shock by Vehumet.
  9758 | D:8      | Reached skill level 3 in Conjurations
  9938 | D:8      | Found a shadowy altar of Dithmenos.
  9938 | D:8      | Found a sparkling altar of Nemelex Xobeh.
 10369 | D:9      | Found a staircase to the Lair.
 10539 | D:9      | Slain by a warg

Vault maps used:
D:1:      ldierk_walled_garden, serial_corexii_hall, corexii_hall_statues_l,
          corexii_hall_statues_deadend, corner_web_ring
D:2:      first_bread, uniq_crazy_yiuf_cottage
D:4:      nicolae_overflow_crystal_walls, uniq_menkaure, uniq_robin,
          uniq_natasha
D:5:      basic_altar, uniq_edmund
D:6:      slow_altar_1, serial_bayou_crossing
D:7:      trog_ov_bears_minmay
D:8:      eat_drink_and_be_merry_uskayaw, nicolae_overflow_hidden_temple,
          amethyst_overflow_temple_binary
D:9:      kennysheep_mini, kennysheep_little_box, erik_lair_orcish_takeover,
          the_bakery

Skill      XL: |  1  2  3  4  5  6  7  8  9 |
---------------+----------------------------+-----
Spellcasting   | 3 4 5 6 9 10 | 10.0
Earth Magic    | 3 4 5 7 8 |  8.2
Fighting       | 1 3 4 |  4.0
Dodging        | 4 |  4.4
Transmutations | 3 |  3.5
Conjurations   | 3 |  3.5
Stealth        | |  3.0

Action                   |  1- 3 |  4- 6 |  7- 9 || total
-------------------------+-------+-------+-------++-------
Melee: Short sword       |    68 |    34 |       ||   102
       Quarterstaff      |       |   119 |   218 ||   337
       War axe           |       |       |     7 ||     7
 Cast: Sandblast         |    32 |    28 |    45 ||   105
       Stone Arrow       |       |       |    75 ||    75
 Stab: Sleeping          |     5 |     7 |     4 ||    16
       Petrified         |       |       |    14 ||    14
       Distracted        |       |       |     2 ||     2
       Confused          |       |       |     1 ||     1
  Eat: Bread ration      |       |     1 |     1 ||     2
Armor: Robe              |    14 |    15 |    24 ||    53
Dodge: Dodged            |    74 |   139 |   225 ||   438
Block: Other             |     2 |    24 |    33 ||    59
       Reflection        |       |     1 |     2 ||     3
